Map: Chain of Ascension

Players

NamroodTuo

  • Race: Zerg Zerg

Михаилыч

  • Race: Protoss Protoss
  • Spawn Location: 11:00

VOD

Have the link to the VOD?

Description

Time

  • Played on: March 21, 2023, 11:20 a.m.
  • Length: 30:16
Show
View Real Time Build Order
Export as new Build Order

NamroodTuo Zerg 

Build Orders:  

Get SALT Encoding   

  12  0:12  Overlord  
  12  0:18  Infested SCV  
  13  0:25  Infested SCV  
  14  0:33  Infested SCV  
  15  0:40  Infested SCV  
  15  0:49  Infested SCV  
  17  1:02  Infested Barracks  
  17  1:07  Infested SCV  
  18  1:21  Infested SCV  
  19  1:38  Overlord  
  19  1:53  Infested SCV  
  20  2:01  Infested Refinery  
  20  2:05  Infestation Level 1  
  20  2:16  Infested SCV  
  20  2:18  Infested Refinery  
  21  2:42  Infested SCV x2  
  23  2:59  Infested SCV  
  24  3:06  Infested Engineering Bay  
  24  3:13  Infested SCV  
  25  3:29  Infested SCV  
  26  3:42  Infested Barracks Tech Lab  
  26  3:50  Overlord  
  26  4:05  Anaerobic Enhancement  
  26  4:24  Infested SCV x2  
  28  4:39  Infested Marine  
  29  4:40  Infested Marine x10  
  39  5:28  Infested Marine  
  39  5:32  Overlord x3  
  39  5:33  Overlord  
  39  5:53  Overlord x2  
  39  6:18  Infested Marine x4  
  39  6:19  Infested Marine x13  
  46  6:29  Infested Marine  
  47  6:30  Infested Marine x4  
  47  6:33  Unknown  
  51  6:45  Infestation Level 2  
  51  6:47  Infested SCV x2  
  51  6:48  Infested SCV  
  54  6:58  Infested Bunker  
  58  7:01  Retinal Augmentation  
  57  7:23  Infested Bunker  
  61  7:30  Infested Missile Turret  
  61  7:50  Regenerative Plating  
  61  7:54  Infested SCV x3  
  47  8:00  Plagued Munitions  
  40  8:15  Infested Marine x2  
  40  8:16  Infested Marine x14  
  40  8:17  Infested Marine  
  44  8:31  Infested Marine  
  44  8:32  Infested Marine x5  
  46  8:45  Broodling Gestation  
  46  8:50  Stukov Infantry Weapons Level 1  
  46  8:51  Infested Missile Turret  
  46  8:57  Infested Missile Turret  
  46  8:58  Infested SCV  
  47  9:09  Infested SCV x2  
  49  9:20  Infested Factory  
  49  9:21  Infested Missile Turret  
  45  10:00  Infested Bunker  
  45  10:18  Infested Marine x6  
  45  10:19  Infested Marine x12  
  63  10:29  Infested Barracks  
  63  10:52  Infested Factory Tech Lab  
  57  11:19  Infested Armory  
  55  11:30  Stukov Infantry Armor Level 1  
  55  11:33  Infested Diamondback  
  55  11:37  Infested Diamondback  
  61  11:58  Overlord  
  61  11:59  Overlord  
  51  12:24  Infested Diamondback  
  54  12:30  Overlord  
  54  12:33  Aggressive Incubation  
  54  13:07  Infested Marine  
  54  13:08  Infested Marine x17  
  54  13:09  Infested Marine x12  
  84  13:19  Infested Marine  
  85  13:20  Infested Marine x8  
  93  13:39  Infested Diamondback  
  96  13:44  Overseer  
  96  13:58  Infested Marine  
  96  13:59  Infested Marine x7  
  103  14:16  Overlord x2  
  100  14:48  Infested Marine  
  100  14:49  Infested Marine x7  
  75  14:50  Infested Marine x17  
  83  15:09  Infested Marine  
  84  15:10  Infested Marine x12  
  96  15:39  Infested Diamondback x2  
  101  16:09  Infested Command Center  
  101  16:17  Infested Marine  
  101  16:18  Infested Marine x8  
  101  16:19  Infested Marine  
  83  16:44  Calcified Armor  
  66  17:44  Stukov Infantry Armor Level 2  
  66  17:53  Infested Diamondback x3  
  66  18:46  Infestation Level 3  
  54  18:56  Infested Bunker  
  58  19:13  Infested Diamondback  
  52  19:32  Infested Diamondback  
  55  19:43  Infested Marine x3  
  55  19:44  Infested Marine x14  
  55  19:48  Infested SCV  
  73  19:53  Infested SCV  
  73  19:59  Infested SCV  
  75  20:00  Infested SCV  
  75  20:03  Infested SCV  
  77  20:25  Infested SCV x2  
  79  20:32  Infested Diamondback  
  79  20:36  Infested Diamondback  
  85  20:50  Infested Marine  
  85  20:51  Infested Marine x15  
  85  20:52  Infested Marine x4  
  85  20:54  Stukov Infantry Weapons Level 2  
  85  20:59  Infested SCV  
  106  21:00  Infested SCV  
  106  21:07  Overlord  
  106  21:08  Overlord  
  90  21:26  Infested Marine  
  90  21:27  Infested Marine x10  
  90  21:28  Infested Marine x2  
  107  21:57  Infested SCV x2  
  107  21:58  Infested SCV x2  
  111  22:01  Infested Bunker  
  102  22:13  Infested SCV  
  96  22:27  Infested Bunker  
  96  22:38  Infested Marine x5  
  96  22:39  Infested Marine x13  
  100  23:19  Infested Marine x5  
  105  23:20  Infested Marine x20  
  125  23:35  Infested Marine x4  
  125  23:36  Infested Marine x5  
  125  24:04  Stukov Infantry Armor Level 3  
  115  24:33  Infested Diamondback x3  
  115  24:34  Infested Diamondback x2  
  130  24:47  Infested Marine  
  130  24:48  Infested Marine x20  
  127  25:03  Infested Bunker  
  134  25:11  Infested Bunker  
  134  25:19  Infested SCV  
  128  25:20  Infested SCV x2  
  134  25:30  Infested Bunker  
  134  25:44  Infested Diamondback  
  134  25:45  Infested Diamondback x2  
  134  25:48  Overlord x4  
  143  26:03  Infested Marine  
  143  26:04  Infested Marine x6  
  150  26:13  Infested Marine x8  
  150  26:16  Overlord x2  
  150  26:17  Overlord x2  
  158  26:29  Infested Marine  
  138  26:30  Infested Marine x11  
  149  26:43  Infested Bunker  
  152  27:10  Infested Marine x8  
  152  27:11  Infested Marine x19  
  152  27:12  Infested Marine  
  179  27:26  Infested Bunker  
  175  27:47  Infested Marine  
  175  27:48  Infested Marine x14  
  183  27:54  Infested Marine  
  183  27:55  Infested Marine  
  183  27:56  Infested Marine  
  180  28:07  Overseer  
  176  28:10  Overseer x4  
  176  28:27  Infested Marine  
  176  28:28  Infested Marine x12  
  181  28:40  Infested Bunker  
  181  28:45  Infested Bunker  
Show
View Real Time Build Order
Export as new Build Order

Михаилыч Protoss 

Build Orders:  

Get SALT Encoding   

  12  0:50  Probe (Chrono Boost)  
  13  1:01  Assimilator  
  13  1:04  Probe (Chrono Boost), Assimilator  
  13  1:09  Pylon  
  14  1:17  Probe (Chrono Boost)  
  15  1:21  Pylon  
  15  1:33  Probe (Chrono Boost)  
  16  1:47  Probe (Chrono Boost)  
  17  2:05  Pylon  
  17  2:13  Probe (Chrono Boost), Pylon  
  18  2:22  Pylon  
  18  2:27  Probe (Chrono Boost)  
  19  2:38  Pylon  
  19  2:41  Probe (Chrono Boost)  
  19  2:43  Pylon  
  20  2:50  Pylon  
  20  2:55  Probe (Chrono Boost)  
  21  3:09  Probe (Chrono Boost)  
  22  3:11  Pylon  
  22  3:20  Gateway  
  22  3:23  Gateway  
  22  3:34  Pylon  
  22  3:46  Probe (Chrono Boost)  
  23  4:00  Probe (Chrono Boost)  
  24  4:14  Probe (Chrono Boost)  
  24  4:17  Forge  
  25  4:39  Cybernetics Core  
  25  4:59  Zealot  
  27  5:01  Zealot  
  27  5:04  Zealot  
  27  5:07  Zealot  
  33  5:31  Gateway  
  33  5:33  Gateway  
  33  5:41  Gateway  
  33  5:46  Dragoon  
  33  5:49  Dragoon  
  42  6:50  Probe (Chrono Boost)  
  38  7:03  Probe (Chrono Boost)  
  39  7:17  Probe (Chrono Boost)  
  40  7:22  Photon Cannon  
  40  7:24  Photon Cannon  
  40  7:29  Photon Cannon  
  40  7:31  Photon Cannon  
  40  7:33  Photon Cannon  
  36  7:51  Stargate  
  32  8:24  Dragoon  
  32  8:26  Dragoon  
  32  8:28  Dragoon  
  36  9:07  Robotics Facility  
  36  9:26  Pylon  
  36  9:33  Pylon  
  36  9:47  Pylon  
  32  10:07  Pylon  
  32  10:30  Gateway  
  32  10:31  Gateway  
  32  10:45  Fleet Beacon  
  32  10:48  Robotics Bay  
  32  10:58  Twilight Council  
  32  11:06  Gateway  
  32  11:18  Gateway  
  32  11:22  Gateway  
  32  11:25  Gateway  
  32  11:45  Pylon  
  32  11:58  Pylon  
  32  12:11  Pylon  
  32  12:34  Zealot  
  32  12:35  Zealot  
  32  12:36  Zealot  
  32  12:37  Zealot  
  32  12:39  Zealot  
  42  12:41  Zealot  
  42  12:43  Zealot  
  42  12:44  Zealot  
  42  12:47  Zealot  
  50  12:50  Dragoon  
  50  12:58  Zealot  
  52  13:39  Dragoon  
  54  13:42  Dragoon  
  54  13:44  Dragoon  
  54  13:46  Dragoon  
  54  13:49  Zealot  
  60  14:45  Nexus  
  60  15:06  Assimilator  
  60  15:17  Assimilator  
  60  15:43  Zealot  
  60  15:47  Zealot  
  64  15:51  Zealot  
  64  15:52  Zealot  
  64  15:54  Zealot  
  64  15:55  Zealot  
  72  16:02  Charge  
  72  17:02  Singularity Charge  
  72  17:33  Probe (Chrono Boost)  
  73  17:42  Pylon  
  73  17:47  Probe (Chrono Boost)  
  74  17:52  Pylon  
  74  18:00  Probe (Chrono Boost)  
  74  18:01  Pylon  
  74  18:02  Whirlwind  
  75  18:11  Pylon  
  75  18:14  Probe (Chrono Boost)  
  75  18:19  Templar Archives  
  76  18:28  Probe (Chrono Boost)  
  73  18:42  Probe (Chrono Boost)  
  73  18:49  Zealot  
  62  18:51  Zealot  
  62  18:54  Zealot  
  62  18:56  Probe (Chrono Boost)  
  62  18:57  Zealot  
  57  19:00  Dragoon  
  57  19:03  Dragoon  
  57  19:06  Dragoon  
  55  19:10  Probe (Chrono Boost), Zealot  
  55  19:13  Zealot  
  55  19:16  Zealot  
  60  19:23  Zealot  
  56  19:32  Trillic Compresion Mesh  
  54  19:46  Zealot  
  56  19:52  Zealot  
  56  19:54  Zealot  
  56  19:59  Zealot  
  62  20:00  Zealot  
  62  20:04  Zealot  
  62  20:06  Zealot  
  62  20:08  Zealot  
  62  20:09  Zealot  
  72  20:11  Zealot  
  72  20:13  Zealot  
  64  20:38  Dragoon  
  62  20:40  Dragoon  
  62  20:41  Dragoon  
  62  20:42  Dragoon  
  60  21:43  Probe (Chrono Boost)  
  61  21:56  Probe (Chrono Boost)  
  62  22:00  Pylon  
  62  22:10  Probe (Chrono Boost)  
  62  22:18  Pylon  
  63  22:24  Probe (Chrono Boost)  
  64  22:38  Probe (Chrono Boost)  
  53  23:32  Zealot  
  55  23:44  Zealot  
  55  23:46  Zealot  
  59  23:50  Dragoon  
  59  23:54  Dragoon  
  59  23:56  Dragoon  
  59  23:59  Dragoon  
  65  24:02  Dragoon  
  63  24:21  Zealot  
  63  24:25  Zealot  
  63  24:29  Zealot  
  61  26:51  Dragoon  
  61  26:54  Dragoon  
  61  26:56  Dragoon  
  61  26:58  Dragoon  
  69  27:00  Dragoon  
  69  27:03  Dragoon  
  73  27:10  Dragoon  
  73  27:13  Zealot  
  73  27:15  Zealot  
  73  27:19  Zealot  
  81  28:07  Zealot  
  81  28:09  Zealot  
  83  28:11  Zealot  
  83  28:13  Zealot  
  83  28:16  Zealot  
  83  28:18  Zealot  
  87  28:21  Zealot  
  87  28:29  Dragoon  
  79  28:32  Dragoon  
  79  28:35  Dragoon  
  77  28:45  Zealot  
  77  28:51  Dragoon  
  67  29:50  Dragoon  
  67  29:52  Dragoon  
  67  29:58  Dragoon  
Tags
 
Add a new tag
Caveats
  • Supply blocks, unpowered buildings, or Contaminate may cause inaccurate times.
  • Supply counts are checked every 10 seconds.